 Dungeon Crawl Stone Soup version 0.28.0 (webtiles) character file.

Game seed: 11824691021875708596

92137 SnakkuSnakku7 the Severer (level 16, 0/149 HPs)
             Began as a Hill Orc Fighter on Feb 16, 2022.
             Was the Champion of the Shining One.
             Slain by an ogre mage (3 damage)
             ... while paralysed by an ogre mage
             ... on level 15 of the Dungeon.
             The game lasted 00:30:42 (20774 turns).

SnakkuSnakku7 the Severer (Hill Orc Fighter)       Turns: 20774, Time: 00:30:43

Health: 0/149      AC: 27    Str: 27    XL:     16   Next: 5%
Magic:  27/27      EV:  2    Int:  8    God:    the Shining One [******]
Gold:   857        SH:  0    Dex: 10    Spells: 15/15 levels left

rFire   . . .      SeeInvis .   a - +3 battleaxe (freeze)
rCold   + . .      Faith    .   (shield currently unavailable)
rNeg    + + +      Spirit   .   R - +0 plate armour {rPois}
rPois   +          Reflect  .   Z - +0 helmet
rElec   .          Harm     .   y - +1 cloak {Will+}
rCorr   .          Rampage  .   t - +1 pair of gloves
Will    ++...                   v - +0 pair of boots
Stlth   ..........              j - amulet of regeneration
HPRegen 1.14/turn               M - ring of protection from cold
MPRegen 0.20/turn               P - +4 ring of protection

@: paralysed, glowing
A: no striking features
a: Renounce Religion, Divine Shield, Cleansing Flame, Summon Divine Warrior,
Brand Weapon With Holy Wrath


You were on level 15 of the Dungeon.
You worshipped the Shining One.
The Shining One was exalted by your worship.
You visited 4 branches of the dungeon, and saw 24 of its levels.
You also visited: Sewer and Volcano.

You collected 2875 gold pieces.
You spent 2018 gold pieces at shops.

Inventory:

Hand Weapons
 a - a +3 battleaxe of freezing (weapon)
 b - a +0 halberd of flaming
Missiles
 B - 5 curare-tipped darts (quivered)
Armour
 t - a +1 pair of gloves (worn)
 v - a +0 pair of boots (worn)
 y - a +1 cloak of willpower (worn)
 R - a +0 plate armour of poison resistance (worn)
 X - a +2 chain mail of fire resistance
 Z - a +0 helmet (worn)
Jewellery
 c - a ring of poison resistance
 j - an amulet of regeneration (around neck)
 M - a ring of protection from cold (left hand)
 P - a +4 ring of protection (right hand)
Wands
 m - a wand of iceblast (3)
 A - a wand of acid (28)
 C - a wand of polymorph (11)
 D - a wand of digging (11)
 G - a wand of mindburst (7)
 L - a wand of charming (3)
 N - a wand of flame (9)
 T - a wand of paralysis (7)
Scrolls
 f - 26 scrolls of identify {unknown}
 g - 3 scrolls of fear {unknown}
 i - 5 scrolls of noise {unknown}
 k - 3 scrolls of blinking {unknown}
 l - a scroll of amnesia {unknown}
 o - 9 scrolls of teleportation {unknown}
 p - 2 scrolls of enchant armour {unknown}
 r - 2 scrolls of brand weapon {unknown}
 s - 6 scrolls of fog {unknown}
 x - 3 scrolls of immolation {unknown}
 F - a scroll of silence {unknown}
 K - 2 scrolls of enchant weapon {unknown}
 S - a scroll of magic mapping {unknown}
 V - 3 scrolls of vulnerability {unknown}
 W - 3 scrolls of holy word {unknown}
Potions
 d - 12 potions of might
 e - 15 potions of curing
 h - 8 potions of heal wounds
 n - 2 potions of lignification
 q - 4 potions of magic
 u - 2 potions of attraction
 w - 4 potions of flight
 z - 3 potions of brilliance
 E - a potion of cancellation {unknown}
 H - 4 potions of mutation
 I - 4 potions of haste {unknown}
 J - 2 potions of berserk rage {unknown}
 U - 3 potions of ambrosia
 Y - 2 potions of resistance
Miscellaneous
 Q - a phantom mirror


   Skills:
 + Level 15.4 Fighting
 - Level 20.0 Axes
 - Level 4.0 Throwing
 - Level 12.0 Armour
 - Level 5.8 Dodging
 - Level 3.2 Shields
 - Level 15.0 Invocations
 - Level 10.0 Evocations


You had 15 spell levels left.
You didn't know any spells.
Your spell library contained the following spells:

 Spells                   Type           Power      Damage    Failure   Level
 Freeze                   Ice            0%         1d3       98%         1
 Ensorcelled Hibernation  Hex/Ice        0%         N/A       99%         2
 Passwall                 Tmut/Erth      0%         N/A       99%         2
 Call Canine Familiar     Summ           0%         N/A       100%        3
 Frozen Ramparts          Ice            0%         1d2       100%        3
 Ignite Poison            Fire/Tmut/Pois 0%         N/A       100%        3
 Mephitic Cloud           Conj/Pois/Air  0%         N/A       100%        3
 Portal Projectile        Hex/Tloc       0%         N/A       100%        3
 Swiftness                Air            0%         N/A       100%        3
 Animate Armour           Summ/Erth      0%         N/A       100%        4
 Animate Dead             Necr           0%         N/A       100%        4
 Hailstorm                Conj/Ice       0%         3d3       100%        4
 Leda's Liquefaction      Hex/Erth       0%         N/A       100%        4
 Blade Hands              Tmut           0%         N/A       100%        5
 Borgnjor's Vile Clutch   Necr/Erth      0%         N/A       100%        5
 Freezing Cloud           Conj/Ice/Air   0%         6-21      100%        5
 Death Channel            Necr           0%         N/A       100%        6
 Iron Shot                Conj/Erth      0%         9d1       100%        6


Dungeon Overview and Level Annotations

Branches:
Dungeon (15/15)            Temple (1/1) D:4            Lair (6/6) D:11
 Shoals (0/4) Lair:3       Spider (0/4) Lair:3        Slime (0/5) Lair:6
    Orc (2/2) D:10            Elf (0/3) Orc:2        Vaults (0/5) D:13
  Sewer (visited)         Volcano (visited)
 Depths: D:15

Altars:
Ashenzari
Dithmenos
Elyvilon
Gozag
Hepliaklqana
Kikubaaqudgha
Makhleb
Nemelex Xobeh
Okawaru
Qazlal
Ru
Sif Muna
Trog
Vehumet
Wu Jian
Yredelemnul
Zin
The Shining One
Beogh

Shops:
D:3 (([!   D:4 !   D:14 ([   Orc:2 =(!

Annotations:
D:11 exclusion: 4 doors


Message History

You slice the two-headed ogre!! You freeze the two-headed ogre!
You kill the two-headed ogre!
You slash the two-headed ogre! You freeze the two-headed ogre.
You kill the two-headed ogre!
An eight-headed hydra comes into view.
Unknown command.
A centaur warrior comes into view.
A cyclops comes into view.
The cyclops shouts!
A skeletal warrior comes into view. It is wielding a +0 mace.
The teleport trap disappears.
The skeletal warrior disappears!
The ogre mage points at you and mumbles some strange words.
The bolt of magma hits you!!
The ogre mage points at you and mumbles some strange words.
You suddenly lose the ability to move!
The two-headed ogre hits you with a +0 giant spiked club!
The two-headed ogre hits you with a +0 giant club!
The two-headed ogre hits you with a +0 giant spiked club!
* * * LOW HITPOINT WARNING * * *
The two-headed ogre hits you but does no damage.
The eight-headed hydra roars!
The ogre mage casts a spell at you.
The bolt of magma hits you but does no damage.
The two-headed ogre hits you but does no damage.
The two-headed ogre hits you with a +0 giant club!
* * * LOW HITPOINT WARNING * * *
The ogre mage hits you but does no damage.
The two-headed ogre hits you with a +0 giant spiked club.
* * * LOW HITPOINT WARNING * * *
The two-headed ogre hits you with a +0 giant club.
* * * LOW HITPOINT WARNING * * *
The ogre mage hits you but does no damage.
The two-headed ogre hits you but does no damage.
The two-headed ogre hits you with a +0 giant spiked club!
* * * LOW HITPOINT WARNING * * *
The two-headed ogre hits you but does no damage.
The two-headed ogre hits you with a +0 giant club.
* * * LOW HITPOINT WARNING * * *
The ogre mage hits you from afar with a +0 spear.
You die...

#####.......(. #..##......... ##
#............. ..##..
#.......<....# #......#
#........))### =##.....#######
#........).##
..##.....##....####...........##
..c##..........O................#
..u##D.......D.O@####............
####..........OC## ##^..........
###...##......### ####.......#
....(###....### ##......#
..$####...### #### #..##.##
#####....# #...#####.####
####...#### ##.....###..###
....))## #.............## ...#))#
#.....<.........


You could see an eight-headed hydra, 2 two-headed ogres, an ogre mage
(invisible) and a cyclops.

Vanquished Creatures
  An orc warlord (Orc:1)
  A dire elephant (Lair:6)
  Snorg (Lair:3)
  Fannar (D:11)
  10 hydras
  A rakshasa (D:13)
  2 boulder beetles
  2 vault guards (D:13)
  An ice dragon (Lair:6)
  2 ogre magi
  4 centaur warriors
  2 tengu warriors
  9 two-headed ogres
  An orc high priest (Orc:1)
  Nergalle (Orc:2)
  Sonja (D:11)
  A hell knight (Volcano)
  6 skeletal warriors
  A wizard (D:14)
  2 lindwurms (Lair:6)
  12 orc sorcerers
  An ugly thing (D:13)
  11 cyclopes
  A centaur zombie (D:11)
  A merfolk siren (Lair:3)
  Maurice (D:8)
  9 elephants
  A guardian serpent (shapeshifter) (D:14)
  6 torpor snails
  12 cane toads
  10 black mambas
  4 gargoyles
  An unseen horror (D:12)
  2 efreet
  A kobold demonologist (D:9)
  5 rime drakes
  5 komodo dragons
  A freezing wraith (D:13)
  A yaktaur (D:14)
  A wind drake (shapeshifter) (D:14)
  3 polar bears
  6 meliai
  3 tyrant leeches (Lair:6)
  9 trolls
  8 blink frogs
  Grinder (D:3)
  8 hornets (Lair:6)
  14 slime creatures
  12 dream sheep (Lair:6)
  A centaur simulacrum (D:15)
  37 yaks
  A wraith (D:14)
  4 shadows
  Grum (D:11)
  4 wyverns
  10 humans (D:13)
  2 basilisks
  2 redbacks (Lair:3)
  2 steam dragons
  3 fire bats (Lair:3)
  5 vampire mosquitoes (D:12)
  4 wargs
  3 acid dragons
  21 water moccasins
  Duvessa (D:6)
  17 orc warriors
  Pargi (Sewer)
  3 black bears
  A sky beast (D:8)
  2 ice beasts
  10 ogres
  17 wolves
  4 boggarts (D:14)
  9 centaurs
  A phantom (D:10)
  A kobold brigand (D:8)
  9 bullfrogs
  A scorpion (D:5)
  A wyvern zombie (D:5)
  Dowan (D:6)
  10 killer bees
  2 troll zombies (D:10)
  7 wights
  An electric eel (D:11)
  9 howler monkeys
  A centaur skeleton (D:5)
  4 jellies (Lair:6)
  2 bullfrog zombies (D:5)
  8 orc priests
  4 hounds
  Crazy Yiuf (D:4)
  Jessica (D:3)
  2 iguanas
  4 hell rats (Lair:3)
  34 orc wizards
  6 ogre zombies (D:10)
  A hound skeleton (D:4)
  A hound zombie (D:5)
  3 gnolls (D:3)
  10 adders
  A shadow imp (D:6)
  2 ufetubi
  An adder skeleton (D:4)
  A worm (D:5)
  2 dart slugs (D:1)
  67 orcs
  8 bats
  14 endoplasms
  6 giant cockroaches
  2 goblins
  6 hobgoblins
  4 jackals (D:1)
  14 kobolds
  7 quokkas
  13 ball pythons
  6 frilled lizards
  A goblin skeleton (D:10)
  2 goblin zombies (D:10)
  A hobgoblin skeleton (D:10)
  6 hobgoblin zombies (D:10)
  2 orc skeletons (D:10)
  13 orc zombies (D:10)
  5 rats
674 creatures vanquished.

Vanquished Creatures (others)
  A boggart (D:14)
  A human (D:5)
  An orc (D:10)
  A kobold (D:9)
  20 fungi
  38 plants
62 creatures vanquished.

Grand Total: 736 creatures vanquished

Notes
Turn   | Place    | Note
-------+----------+-------------------------------------------
     0 | D:1      | SnakkuSnakku7 the Hill Orc Fighter began the quest for the
                  | Orb.
     0 | D:1      | Reached XP level 1. HP: 19/19 MP: 1/1
    69 | D:1      | Reached skill level 3 in Axes
    80 | D:1      | Reached XP level 2. HP: 9/27 MP: 2/2
   321 | D:1      | Reached XP level 3. HP: 15/34 MP: 3/3
   541 | D:1      | Reached skill level 4 in Axes
   806 | D:2      | Reached XP level 4. HP: 38/41 MP: 4/4
   987 | D:2      | Found a broken altar of Ashenzari.
  1013 | D:2      | Reached skill level 5 in Fighting
  1082 | D:2      | Identified the +5 trident "Vouzxata" {holy, Str+2}
  1379 | D:3      | Found Sicyqy's Distillery.
  1382 | D:3      | Bought a potion of heal wounds for 60 gold pieces
  1382 | D:3      | Bought a potion of lignification for 36 gold pieces
  1492 | D:3      | Found Qomp's Antique Armour Shoppe.
  1537 | D:3      | Reached skill level 5 in Axes
  1546 | D:3      | Reached XP level 5. HP: 38/48 MP: 5/5
  1587 | D:3      | Noticed Jessica
  1596 | D:3      | Killed Jessica
  1748 | D:3      | Noticed Grinder
  1759 | D:3      | Killed Grinder
  1760 | D:3      | Reached skill level 7 in Axes
  1760 | D:3      | Reached XP level 6. HP: 21/57 MP: 6/6
  1824 | D:3      | Found Irib's Weapon Emporium.
  1840 | D:3      | Found Pesulene's Weapon Shoppe.
  1905 | D:3      | Found a faded altar of an unknown god.
  2043 | D:3      | Found a glowing drain.
  2057 | Sewer    | Entered a sewer
  2072 | Sewer    | Noticed Pargi
  2092 | Sewer    | Killed Pargi
  2093 | Sewer    | Reached skill level 8 in Axes
  2093 | Sewer    | Reached XP level 7. HP: 20/63 MP: 7/7
  2254 | D:4      | Found a staircase to the Ecumenical Temple.
  2310 | Temple   | Entered the Ecumenical Temple
  2320 | Temple   | Became a worshipper of the Shining One
  2349 | D:4      | Found Fiufioj's Distillery.
  2544 | D:4      | Reached skill level 9 in Axes
  2829 | D:4      | Found a runed translucent door.
  2830 | D:4      | Noticed Crazy Yiuf
  2838 | D:4      | Killed Crazy Yiuf
  2876 | D:5      | Entered Level 5 of the Dungeon
  2991 | D:5      | Reached skill level 10 in Axes
  2996 | D:5      | Reached XP level 8. HP: 58/70 MP: 8/8
  3002 | D:5      | Found an ancient bone altar of Kikubaaqudgha.
  3215 | D:5      | Reached skill level 11 in Axes
  3390 | D:5      | Reached skill level 12 in Axes
  3558 | D:5      | Reached * piety under the Shining One
  3711 | D:5      | Found a sparkling altar of Nemelex Xobeh.
  3893 | D:6      | Reached skill level 13 in Axes
  3921 | D:6      | Found an opulent altar of Gozag.
  4021 | D:6      | Reached XP level 9. HP: 64/75 MP: 9/9
  4267 | D:6      | Noticed Duvessa
  4270 | D:6      | Noticed Dowan
  4274 | D:6      | Killed Dowan
  4275 | D:6      | Reached skill level 14 in Axes
  4278 | D:6      | Killed Duvessa
  5199 | D:7      | Identified the +4 spear "Japtogu" {flame, Stlth+}
  5351 | D:7      | Found a stormy altar of Qazlal.
  6076 | D:8      | Found an ornate altar of the Wu Jian Council.
  6077 | D:8      | Noticed Maurice
  6086 | D:8      | Killed Maurice
  6087 | D:8      | Reached skill level 15 in Axes
  6365 | D:8      | Found a shadowy altar of Dithmenos.
  6421 | D:8      | Reached ** piety under the Shining One
  6699 | D:8      | Reached XP level 10. HP: 79/83 MP: 10/10
  6940 | D:9      | Noticed a kobold demonologist
  6953 | D:8      | Reached skill level 16 in Axes
  6965 | D:9      | Noticed a rust devil
  6967 | D:9      | Killed a kobold demonologist
  7055 | D:9      | Found a basalt altar of Yredelemnul.
  7055 | D:9      | Found a sacrificial altar of Ru.
  7067 | D:9      | Found a faded altar of an unknown god.
  7069 | D:9      | Found a faded altar of an unknown god.
  7071 | D:9      | Found an iron altar of Okawaru.
  7118 | D:9      | Found a glowing silver altar of Zin.
  7147 | D:9      | Reached skill level 17 in Axes
  7186 | D:9      | Found a white marble altar of Elyvilon.
  7271 | D:9      | Found a hazy altar of Hepliaklqana.
  7436 | D:10     | Entered Level 10 of the Dungeon
  7723 | D:9      | Reached skill level 18 in Axes
  7828 | D:10     | Reached *** piety under the Shining One
  7862 | D:10     | Found a staircase to the Orcish Mines.
  7864 | D:10     | Reached **** piety under the Shining One
  8074 | D:10     | Noticed a cyclops
  8080 | D:10     | Killed a cyclops
  8081 | D:10     | Reached skill level 19 in Axes
  8302 | D:11     | Noticed Grum
  8306 | D:11     | Reached XP level 11. HP: 89/89 MP: 11/11
  8312 | D:11     | Killed Grum
  8355 | D:11     | Found a staircase to the Lair.
  8468 | D:11     | Reached ***** piety under the Shining One
  8475 | D:11     | Reached skill level 20 in Axes
  8730 | D:11     | Noticed a cyclops
  8737 | D:11     | Killed a cyclops
  8738 | D:11     | Reached skill level 5 in Armour
  8825 | D:11     | Noticed Fannar
  8844 | D:11     | Killed Fannar
  9028 | D:11     | Noticed Sonja
  9031 | D:11     | Killed Sonja
  9426 | Lair:1   | Entered Level 1 of the Lair of Beasts
  9493 | Lair:1   | Reached XP level 12. HP: 77/96 MP: 12/12
  9497 | Lair:1   | Reached skill level 10 in Armour
  9737 | D:3      | Bought a glowing plate armour for 598 gold pieces
  9983 | Lair:1   | You fall into a shaft and drop 1 floor!
 10021 | Lair:2   | Noticed a four-headed hydra
 10053 | Lair:2   | Killed a four-headed hydra
 10270 | Lair:2   | Identified the +6 long sword of Compound Interest {venom,
                  | Will+ Dex+3}
 11362 | Lair:3   | Reached skill level 1 in Evocations
 11453 | Lair:3   | Found a dark tunnel.
 11514 | Volcano  | Entered a volcano
 11535 | Volcano  | Noticed a two-headed ogre
 11544 | Volcano  | Killed a two-headed ogre
 11571 | Volcano  | Noticed an ogre mage
 11578 | Volcano  | Killed an ogre mage
 11579 | Volcano  | Noticed a two-headed ogre
 11580 | Volcano  | Noticed a two-headed ogre
 11590 | Volcano  | Killed a two-headed ogre
 11591 | Volcano  | Reached XP level 13. HP: 84/111 MP: 13/13
 11593 | Volcano  | Reached skill level 5 in Evocations
 11846 | Lair:3   | Found a staircase to the Shoals.
 12031 | Lair:3   | Found a hole to the Spider Nest.
 12033 | Lair:3   | Noticed Snorg
 12041 | Lair:3   | Killed Snorg
 13027 | Lair:4   | Reached skill level 10 in Evocations
 13312 | Lair:5   | Reached skill level 5 in Invocations
 13687 | Lair:5   | Reached XP level 14. HP: 49/118 MP: 20/20
 13910 | Lair:6   | Entered Level 6 of the Lair of Beasts
 13911 | Lair:6   | Noticed a dire elephant
 14026 | Lair:6   | Reached skill level 10 in Invocations
 14066 | Lair:6   | Found a staircase to the Slime Pits.
 14188 | Lair:6   | Killed a dire elephant
 14522 | Lair:6   | Found a runed translucent door.
 14706 | Lair:6   | Reached ****** piety under the Shining One
 16106 | D:12     | Reached skill level 15 in Invocations
 16141 | D:12     | Reached skill level 10 in Fighting
 16679 | Orc:1    | Entered Level 1 of the Orcish Mines
 16997 | Orc:2    | Entered Level 2 of the Orcish Mines
 17002 | Orc:2    | Noticed an orc warlord
 17365 | Orc:1    | Killed an orc warlord
 17366 | Orc:1    | Reached XP level 15. HP: 77/130 MP: 26/26
 17712 | Orc:2    | Found a staircase to the Elven Halls.
 17960 | Orc:1    | Found an iron altar of Okawaru.
 18133 | Orc:2    | Found a roughly hewn altar of Beogh.
 18233 | Orc:2    | Found Koajawot's Antique Weapon Shoppe.
 18253 | Orc:2    | Found Rumelac's Jewellery Emporium.
 18272 | Orc:2    | Bought an amulet of regeneration for 330 gold pieces
 18325 | Orc:2    | Found a radiant altar of Vehumet.
 18341 | Orc:2    | Found Totiysetz's Distillery.
 18342 | Orc:2    | Noticed Nergalle
 18396 | Orc:2    | Killed Nergalle
 18434 | Orc:2    | Found an ancient bone altar of Kikubaaqudgha.
 18440 | Orc:2    | Bought a potion of heal wounds for 65 gold pieces
 18440 | Orc:2    | Bought a potion of heal wounds for 65 gold pieces
 18440 | Orc:2    | Bought a potion of heal wounds for 65 gold pieces
 18459 | Orc:2    | Found a roughly hewn altar of Beogh.
 18459 | Orc:2    | Found Yvvuom's Distillery.
 18480 | Orc:2    | Bought a potion of degeneration for 11 gold pieces
 18481 | Orc:2    | Bought a potion of mutation for 88 gold pieces
 18481 | Orc:2    | Bought a potion of curing for 33 gold pieces
 18481 | Orc:2    | Bought a potion of heal wounds for 55 gold pieces
 18481 | Orc:2    | Bought a potion of attraction for 33 gold pieces
 18481 | Orc:2    | Bought a potion of flight for 33 gold pieces
 18499 | Orc:2    | Bought a potion of ambrosia for 104 gold pieces
 18499 | Orc:2    | Bought a potion of might for 52 gold pieces
 18499 | Orc:2    | Bought a potion of resistance for 130 gold pieces
 18499 | Orc:2    | Bought a potion of might for 52 gold pieces
 18499 | Orc:2    | Bought a potion of might for 52 gold pieces
 18499 | Orc:2    | Bought a potion of might for 52 gold pieces
 18499 | Orc:2    | Bought a potion of magic for 104 gold pieces
 19384 | D:13     | Identified the +2 leather armour "Tucodgh" {Int+2}
 19409 | D:13     | Reached skill level 15 in Fighting
 19522 | D:13     | Reached skill level 1 in Dodging
 19545 | D:13     | Found a gate to the Vaults.
 20076 | D:14     | Found Doczoimm's Antique Weapon Emporium.
 20132 | D:14     | Reached skill level 5 in Dodging
 20279 | D:14     | Found Irphaov's Armour Shoppe.
 20598 | D:15     | Entered Level 15 of the Dungeon
 20751 | D:15     | Reached XP level 16. HP: 149/149 MP: 27/27
 20768 | D:15     | Paralysed by an ogre mage for 7 turns
 20773 | D:15     | HP: 6/149 [two-headed ogre (11)]
 20774 | D:15     | Slain by an ogre mage

Illustrated notes

Levels and vault maps discovered:
D:1:      nicolae_arrival_washed_ashore, layout_loops_ring
D:2:      layout_basic, basic_altar, chequers_jeans
D:3:      layout_basic, hellmonk_ecumenical_altar_zigzags, serial_shops, shop,
          nicolae_shop_crystal, shop, nicolae_shop_bloodbath_and_beyond,
          gup_sewer_entry_pipe, uniq_grinder, uniq_jessica
D:4:      layout_cave_pools, temple_fountains, serial_shops,
          nicolae_stop_n_shop_1, uniq_crazy_yiuf_cottage
D:5:      layout_basic, tgw_kikubaaqudgha, nemelex_spade_bored_becter
D:6:      layout_rooms, nicolae_gozag_cash_rules_everything_around_me,
          uniq_duvessa
D:7:      layout_layer_cave, nicolae_overflow_crystal_walls
D:8:      layout_loops_ring, old_standard_altar, kennysheep_mini_moat,
          corexii_corridor_pit, uniq_maurice
D:9:      layout_roguey, general_overflow_altar, kennysheep_mini,
          chequers_temple_overflow_minitemple, mainiacjoe_overflow_catwalk
D:10:     layout_cave_pools, zombieorc2_lemuel, chequers_serial_rivers_micro_e,
          chequers_serial_rivers_large_a
D:11:     minmay_the_grid_four_pointed_star
          [minmay_the_grid_triangle_9x9_zippers_horizontal,
          minmay_the_grid_triangle_9x9_flanged_cone,
          minmay_the_grid_triangle_9x9_from_above,
          minmay_the_grid_triangle_9x9_wacky_v,
          minmay_the_grid_prize_four_corners_diamond_b], layout_basic,
          uniq_fannar, uniq_grum, uniq_sonja
D:12:     layout_basic
D:13:     layout_loops_ring, ximxim_vaults_locker_room
D:14:     hangedman_arrow_trap, layout_rooms, minmay_hedge_maze, serial_shops,
          nicolae_shop_trees, shop
D:15:     hangedman_depths_entry_try_elsewhere_first, layout_cave_pods,
          hangedman_decor_peaks_small, nicolae_two_hexagons,
          minmay_mirror_moons_of_madness
Temple:   compressed_dpeg_circular_temple
Lair:1:   layout_big_grid, grunt_megastairs_4
Lair:2:   layout_chaotic_city, grunt_megastairs_5
Lair:3:   layout_chaotic_city, minmay_shoals_entry_lonely_mermaid,
          spider_nest_entry_webs, nicolae_volcano_entry_batcave,
          serial_bayou_shore_a, uniq_snorg
Lair:4:   layout_gridlike, infiniplex_staircase_pool_2
Lair:5:   layout_regular_city, nicolae_quartered_pool_little
Lair:6:   wormcave, layout_layer_cave, nicolae_slime_entry_slimehenge
Orc:1:    layout_caves, okawaru_metal_pillars_1_2
Orc:2:    kennysheep_orc_mage_school, layout_caves, basic_altar

Skill      XL: |  1  2  3  4  5  6  7  8  9 10 11 12 13 14 15 |
---------------+----------------------------------------------+-----
Axes           | 3 4 5 7 8 10 13 15 19 20 | 20.0
Fighting       | 4 5 6 9 11 15 | 15.4
Throwing       | 3 4 |  4.0
Armour         | 9 12 | 12.0
Evocations     | 4 10 | 10.0
Invocations    | 8 15 | 15.0
Dodging        | 5 |  5.8
Shields        | |  3.2

Action                   |  1- 3 |  4- 6 |  7- 9 | 10-12 | 13-15 | 16-18 || total
-------------------------+-------+-------+-------+-------+-------+-------++-------
Melee: War axe           |   123 |    27 |     4 |       |       |       ||   154
       Trident           |       |    91 |   183 |    10 |       |       ||   284
       Battleaxe         |       |       |    94 |   331 |   783 |     6 ||  1214
       Punch             |       |       |       |     1 |       |       ||     1
       Halberd           |       |       |       |       |    50 |       ||    50
Throw: Dart              |       |       |       |     6 |     7 |       ||    13
Evoke: Wand              |       |       |     2 |     4 |     7 |       ||    13
       Phantom mirror    |       |       |       |       |     2 |       ||     2
Armor: Scale mail        |    54 |    66 |    19 |       |       |       ||   139
       Chain mail        |       |       |    48 |       |    21 |       ||    69
       Plate armour      |       |       |    40 |   190 |   458 |    14 ||   702
Dodge: Dodged            |    64 |    46 |    67 |    77 |   220 |     5 ||   479
Block: Buckler           |    43 |    27 |    64 |       |       |       ||   134
       Other             |       |       |    19 |    66 |    82 |       ||   167
       Reflection        |       |       |       |     4 |     2 |       ||     6
